 Dungeon Crawl Stone Soup version 0.31-a0-229-g1fc7ce93e2 (webtiles) character file.

Game seed: 8181761268126119901

340 olmar the Insei (level 6, -1/44 HPs)
             Began as a Merfolk Transmuter on July 6, 2023.
             Slain by an ufetubus (2 damage)
             ... in a sewer.
             The game lasted 00:06:56 (2979 turns).

olmar the Insei (Merfolk Transmuter)                Turns: 2979, Time: 00:06:56

Health: -1/44      AC:  2    Str: 11    XL:     6   Next: 56%
Magic:  7/9        EV: 14    Int: 11    God:
Gold:   80         SH:  0    Dex: 19    Spells: 1/9 levels left

rFire   + .          .
                       - Unarmed
rCold   . . .        (no shield)
rNeg    . . .        a - +0 robe
rPois   +            b - melded +0 helmet
rElec   .            (no cloak)
rCorr   .            (no gloves)
SInv    .            l - melded +1 pair of boots
Will    .....        (no amulet)
Stlth   ++           (no ring)
HPRegen 0.27/turn    (no ring)
MPRegen 0.11/turn

%: no passive effects
@: appendages (expiring)
A: horns 2, (nimble swimmer 2), mertail, agile 1, fire resistance 1, poison
resistance
a: End Transformation


You were in a sewer.
You had temporarily grown beastly horns.
You visited 1 branch of the dungeon, and saw 3 of its levels.
You also visited: Sewer.

You collected 80 gold pieces.

Inventory:

Missiles
 e - 10 poisoned darts (quivered)
Armour
 a - a +0 robe (worn)
 b - a +0 helmet (melded)
 l - a +1 pair of boots (melded)
Jewellery
 j - a ring of poison resistance
Scrolls
 c - a scroll of blinking
 d - a scroll of immolation
 h - a scroll of fog
 i - a scroll of enchant armour


   Skills:
 + Level 1.8 Fighting
 + Level 4.5 Dodging
 + Level 5.5 Unarmed Combat
 - Level 2.1 Spellcasting
 * Level 5.4 Transmutations


You had one spell level left.
You knew the following spells:

 Your Spells              Type           Power      Damage    Failure   Level
a - Beastly Appendage     Tmut           26%        N/A       3%          1
b - Wereblood             Tmut           13%        N/A       4%          2
c - Blade Hands           Tmut           6%         N/A       63%         5

Your spell library contained the following spells:

 Spells                   Type           Power      Damage    Failure   Level
 Spider Form              Tmut/Pois      7%         N/A       28%         3
 Portal Projectile        Hex/Tloc       2%         N/A       65%         3
 Tukima's Dance           Hex            1%         N/A       65%         3
 Ice Form                 Ice/Tmut       7%         N/A       67%         4


Dungeon Overview and Level Annotations

Branches:
Dungeon (3/15)              Sewer (1/1)

Altars:


Innate Abilities, Weirdness & Mutations

You have temporarily grown beastly horns.
((You are very nimble when in or above water. (Stealth+, EV+, Speed+++)))
Your lower body shifts to a powerful aquatic tail in water.
You are agile. (Dex +4, Str/Int -1)
Your flesh is heat resistant. (rF+)
Your system is resistant to poisons. (rPois)


Message History

You kill the kobold!
The ufetubus misses you. The ufetubus barely misses you.
Unknown command.
Unknown command.
You closely miss the ufetubus. The ufetubus hits you.
* * * LOW HITPOINT WARNING * * *
The ufetubus closely misses you. x3
Unknown command.
You closely miss the ufetubus.
Your transformation is almost over.
The ufetubus closely misses you. x2
Unknown command.
You punch the ufetubus!
You feel a bit better.
You kill the ufetubus!
Your primal bloodlust has ended.
The kobold throws a poisoned dart.
The poisoned dart closely misses you.
Unknown command.
The shadow imp gestures at you. Pain shoots through your body!
* * * LOW HITPOINT WARNING * * *
Things that are here:
a +0 dagger; a kobold corpse Unknown command.
You hit the shadow imp.
The shadow imp is lightly wounded.
The shadow imp completely misses you.
Unknown command.
You hit the shadow imp but do no damage.
You headbutt the shadow imp.
The shadow imp is moderately wounded.
The shadow imp barely misses you.
Unknown command.
You hit the ufetubus but do no damage.
A bat comes into view.
The ufetubus closely misses you. The ufetubus hits you.
* * * LOW HITPOINT WARNING * * *
Unknown command.
You miss the ufetubus. The ufetubus completely misses you.
The ufetubus hits you.
You die...

...# ....≈ ... ....
... .# ###≈#.####.##
.# ≈≈≈~~...#.≈≈# .#
≈≈≈≈≈~..#.≈≈# .#
≈≈≈≈≈~..#J5≈# .#
≈≈≈≈≈≈~5#KzK# .#
≈≈≈≈≈≈~@#)≈≈# .#
≈≈≈≈≈≈~)5z~≈#
.##################)##
.#≈≈~≈≈≈≈≈≈≈≈≈≈~~~≈~≈#
.~≈≈≈≈≈≈≈≈≈≈≈≈≈...~≈≈#
.#≈~≈≈≈≈≈≈≈≈~≈~~~≈≈≈~#
######################


You could see a wight, a shadow imp and an ufetubus.

Vanquished Creatures
  An ogre (D:3)
  A phantom (D:2)
  4 gnolls (D:2)
  3 adders
  5 ufetubi (Sewer)
  An adder zombie (Sewer)
  2 worms (D:3)
  2 dart slugs (D:2)
  4 orcs (D:3)
  10 bats
  7 endoplasms
  5 giant cockroaches
  4 goblins
  4 hobgoblins
  3 jackals (D:1)
  2 quokkas
  5 ball pythons
  5 frilled lizards
  10 kobolds
  10 rats
88 creatures vanquished.

Notes
Turn   | Place    | Note
-------+----------+-------------------------------------------
     0 | D:1      | olmar the Merfolk Transmuter began the quest for the Orb.
     0 | D:1      | Reached XP level 1. HP: 15/15 MP: 3/3
   168 | D:1      | Reached XP level 2. HP: 17/21 MP: 3/5
   483 | D:1      | Learned a level 2 spell: Wereblood
   562 | D:1      | Reached XP level 3. HP: 26/26 MP: 3/6
  1515 | D:2      | Reached XP level 4. HP: 20/32 MP: 5/7
  1719 | D:2      | Noticed a phantom
  1733 | D:2      | Killed a phantom
  1734 | D:2      | Reached XP level 5. HP: 23/37 MP: 8/8
  1850 | D:1      | Learned a level 5 spell: Blade Hands
  2079 | D:2      | Reached skill level 5 in Unarmed Combat
  2376 | D:3      | Noticed an ogre
  2387 | D:3      | Killed an ogre
  2388 | D:3      | Reached skill level 5 in Transmutations
  2388 | D:3      | Reached XP level 6. HP: 41/44 MP: 6/9
  2650 | D:3      | Found a glowing drain.
  2683 | Sewer    | Entered a sewer
  2970 | Sewer    | Gained mutation: You are agile. (Dex +4, Str/Int -1)
                  | [potion of mutation]
  2970 | Sewer    | Gained mutation: Your flesh is heat resistant. (rF+)
                  | [potion of mutation]
  2970 | Sewer    | Gained mutation: Your system is resistant to poisons.
                  | (rPois) [potion of mutation]
  2975 | Sewer    | HP: 2/44 [shadow imp/nerve-wracking pain (7)]
  2979 | Sewer    | Slain by an ufetubus

Illustrated notes

Levels and vault maps discovered:
D:1:      heliophobic_arrival_henge, layout_basic, serial_glass,
          glass_columns_a, glass_columns_b, glass_columns_a, glass_columns_a,
          glass_columns_c, glass_columns_a, minmay_strange_pillars,
          feat_on_display
D:2:      minmay_diamond_boxcup, layout_rooms, wad_floor_pattern_untrapped,
          amcnicky_mini_pool_small, minivault_11, dk_noncrumbling_4,
          nicolae_titane
D:3:      layout_rooms, cheibrodos_sewer_entry_bend, minivault_19
Sewer:    kennysheep_sewer_church

Skill      XL: |  1  2  3  4  5 |
---------------+----------------+-----
Dodging        | 3 4 |  4.5
Transmutations | 3 4 5 |  5.4
Unarmed Combat | 4 5 |  5.5
Fighting       | |  1.8
Spellcasting   | |  2.1

Action                     |  1- 3 |  4- 6 || total
---------------------------+-------+-------++-------
  Melee: Unarmed           |   121 |   155 ||   276
         Headbutt          |    10 |    16 ||    26
         Punch             |     1 |     4 ||     5
         Tailslap          |       |     3 ||     3
  Throw: Dart              |       |     3 ||     3
   Cast: Beastly Appendage |    22 |    15 ||    37
         Wereblood         |     2 |     8 ||    10
    Use: Potion            |       |     9 ||     9
         Scroll            |       |     6 ||     6
   Stab: Sleeping          |     1 |       ||     1
 Armour: Robe              |    28 |    22 ||    50
         Skin              |       |    30 ||    30
  Dodge: Dodged            |    83 |   139 ||   222

Table legend: (Time is in decaauts)
 A = Elapsed time spent in this place.
 B = Non-inter-level travel time spent in this place.
 C = Inter-level travel time spent in this place.
 D = Time resting spent in this place.
 E = Time spent auto-exploring this place.
 F = Levels seen in this place.
 G = Mean time per level.
                   A        B        C        D        E       F      G
               +--------+--------+--------+--------+--------+-----+--------+
         Total |   2956 |   2861 |     95 |    651 |   1333 |   4 |  739.0 |
       Dungeon |   2677 |   2582 |     95 |    476 |   1310 |   3 |  892.3 |
         Sewer |    279 |    279 |      0 |    175 |     23 |   1 |  279.0 |
               +--------+--------+--------+--------+--------+-----+--------+

Top non-repeatable levels by time:
     D:2: 1320 daAuts
     D:1: 1006 daAuts
     D:3: 350 daAuts
   Sewer: 279 daAuts
